 Dungeon Crawl Stone Soup version 0.22.0-32-gbc6daba (webtiles) character file.

404 Folque the Conjurer (level 6, -2/67 HPs)
             Began as a Draconian Conjurer on Aug 23, 2018.
             Was an Initiate of Sif Muna.
             Slain by an ice beast (4 damage)
             ... on level 4 of the Dungeon.
             The game lasted 00:16:35 (3591 turns).

Folque the Conjurer (Draconian Conjurer)            Turns: 3591, Time: 00:16:36

Health: -2/67      AC:  9    Str: 15    XL:     6   Next: 56%
Magic:  1/13       EV: 12    Int: 18    God:    Sif Muna [......]
Gold:   160        SH:  0    Dex: 11    Spells: 1/15 levels left

rFire    . . .     SeeInvis .   z - +0 long sword
rCold    . . .     Gourm    .   (no shield)
rNeg     . . .     Faith    .   (armour unavailable)
rPois    .         Spirit   .   (helmet restricted)
rElec    .         Reflect  .   g - +2 cloak
rCorr    .         Harm     .   (no gloves)
MR       .....                  (no boots)
Stlth    ..........             p - amulet of the acrobat
HPRegen  0.21/turn              (no ring)
MPRegen  0.13/turn              (no ring)

@: berserking, very quick
A: unfitting armour, cold-blooded, AC +6
a: Renounce Religion


You were on level 4 of the Dungeon.
You worshipped Sif Muna.
Sif Muna was noncommittal.
You were hungry.

You visited 1 branch of the dungeon, and saw 5 of its levels.

You collected 160 gold pieces.

Inventory:

Hand Weapons
 a - a +0 club
 d - a +0 mace
 m - a +0 blowgun
 z - a +0 long sword (weapon)
Missiles
 s - 18 poisoned needles
Armour
 g - a +2 cloak (worn)
 k - a +0 shield
Jewellery
 p - an amulet of the acrobat (around neck)
 u - a +3 ring of protection {unknown}
 x - a +5 ring of intelligence {unknown}
Wands
 o - a wand of disintegration (17)
 q - a wand of random effects (25)
Scrolls
 c - 2 scrolls of identify
 h - 3 scrolls of teleportation
 j - a scroll of random uselessness {unknown}
 n - a scroll of fear {unknown}
 v - a scroll of fog {unknown}
 y - a scroll of enchant weapon {unknown}
Potions
 e - 2 potions of lignification
 r - a potion of resistance {unknown}
 t - a potion of magic {unknown}
 w - a potion of curing {unknown}
Comestibles
 b - 8 rations
 i - a chunk of flesh


   Skills:
 - Level 1.7 Dodging
 - Level 1.7 Stealth
 * Level 5.0 Spellcasting
 + Level 5.3 Conjurations
 - Level 2.2 Hexes


You had one spell level left.
You knew the following spells:

 Your Spells              Type           Power        Failure   Level  Hunger
a - Magic Dart            Conj           ###.         1%          1    None
b - Searing Ray           Conj           ###...       2%          2    #......
c - Dazzling Spray        Conj/Hex       ###...       9%          3    ##.....
d - Iskenderun's Mystic   Conj           ###.....     14%         4    ####...
e - Force Lance           Conj/Tloc      ##......     41%         4    ####...

Your spell library contained the following spells:

 Spells                   Type           Power        Failure   Level  Hunger
 Confusing Touch          Hex            ##....       5%          1    None
 Animate Skeleton         Necr           N/A          13%         1    None
 Apportation              Tloc           #.....       13%         1    None
 Summon Small Mammal      Summ           #...         13%         1    None
 Fulminant Prism          Conj/Hex       ###.......   28%         4    ####...


Dungeon Overview and Level Annotations

Branches:
Dungeon (5/15)
 Temple: D:4-7

Altars:
Ashenzari
Gozag
Makhleb
Ru
Sif Muna
Xom
The Shining One

Annotations:
D:5 Blork the orc, Dowan, Duvessa


Innate Abilities, Weirdness & Mutations

Your plain brown scales are hard. (AC +6)
You cannot fit into any form of body armour.
You are cold-blooded and may be slowed by cold attacks.


Message History

The ice beast is blasted.
Aiming: Disintegrate
Press: ? - help, Shift-Dir - straight line, f/p - ice beast
Aim: an ice beast (severely wounded, chance to defeat MR: 65%)
The ice beast struggles to resist.
The ice beast hits you.
* * * LOW HITPOINT WARNING * * *
The ice beast freezes you!
You feel yourself slow down.
* * * LOW HITPOINT WARNING * * *
It was a potion of cancellation.
Your magical effects are unravelling.
You feel magically purged.
You feel yourself speed up. The ice beast barely misses you.
You riposte.
You hit the ice beast but do no damage.
The ice beast is severely wounded.
The ice beast barely misses you.
It was a potion of berserk rage.
A red film seems to cover your vision as you go berserk!
You feel yourself moving faster!
You feel mighty! The ice beast hits you.
You die...

# #....÷....# #### #...#######
...######...##.⌠⌠.##
...#..).#...#_...._#
...#....#...###..###
...#....#...##....8##############
...'...)....###..###...........>#
...#....#.####...[#############.#
...######.# ##.@### ####.# ..##
#.# #..Y._# #....# #### #.#
###..### ###....# ...## #.#
#......#### #.'....# ##..### #.#
##8..8##..# #.#..).# .#....# #.#
#.........# #.#....# .#....###.#
#.........####+#....#
...)......###................####
.:....#................[.....#


You could see an ice beast.

Vanquished Creatures
  An ogre (D:4)
  A crimson imp (D:5)
  A hound (D:4)
  Ijyb (D:3)
  An orc wizard (D:5)
  Natasha (thrice) (D:3)
  7 adders
  A leopard gecko (D:4)
  5 orcs
  8 bats
  A giant cockroach (D:5)
  6 goblins
  6 hobgoblins
  9 jackals
  5 kobolds
  A quokka (D:2)
  A leopard gecko skeleton (D:4)
  7 rats
65 creatures vanquished.

Notes
Turn   | Place    | Note
-------+----------+-------------------------------------------
     0 | D:1      | Folque the Draconian Conjurer began the quest for the Orb.
     0 | D:1      | Reached XP level 1. HP: 14/14 MP: 3/3
   111 | D:1      | Found a shattered altar of Ashenzari.
   170 | D:1      | Reached XP level 2. HP: 14/20 MP: 3/5
   212 | D:1      | Learned a level 2 spell: Searing Ray
   796 | D:2      | Found a shimmering altar of Xom.
   853 | D:2      | Found an opulent altar of Gozag.
  1282 | D:2      | Reached XP level 3. HP: 26/26 MP: 2/6
  1287 | D:2      | Learned a level 3 spell: Dazzling Spray
  1718 | D:3      | Noticed Natasha
  1744 | D:2      | Reached skill level 5 in Conjurations
  1878 | D:3      | Killed Natasha
  1878 | D:3      | Reached XP level 4. HP: 6/33 MP: 0/8
  2180 | D:3      | Noticed Ijyb
  2182 | D:3      | Noticed Natasha
  2204 | D:3      | Killed Ijyb
  2204 | D:3      | Reached skill level 1 in Hexes
  2252 | D:3      | Killed Natasha
  2252 | D:3      | Reached XP level 5. HP: 38/38 MP: 0/10
  2314 | D:3      | Noticed Natasha
  2331 | D:3      | Killed Natasha
  2553 | D:4      | Noticed an ogre
  2560 | D:4      | Killed an ogre
  2560 | D:4      | Reached XP level 6. HP: 45/45 MP: 3/12
  2763 | D:4      | Learned a level 4 spell: Iskenderun's Mystic Blast
  2768 | D:4      | Learned a level 4 spell: Force Lance
  2844 | D:4      | Found a glowing golden altar of the Shining One.
  2855 | D:4      | Found a deep blue altar of Sif Muna.
  2856 | D:4      | Found a burning altar of Makhleb.
  2862 | D:4      | Became a worshipper of Sif Muna the Loreminder
  3192 | D:5      | Entered Level 5 of the Dungeon
  3196 | D:5      | Found a sacrificial altar of Ru.
  3449 | D:5      | Noticed Blork the orc
  3496 | D:5      | Noticed Dowan
  3540 | D:5      | Noticed Duvessa
  3552 | D:5      | Noticed an ice beast
  3561 | D:4      | Reached skill level 5 in Spellcasting
  3589 | D:4      | HP: 1/45 [ice beast (8)]
  3591 | D:4      | Slain by an ice beast

Skill      XL: |  1  2  3  4  5  6 |
---------------+-------------------+-----
Conjurations   | 5 |  5.3
Spellcasting   | 3 4 5 |  5.0
Hexes          | 1 2 |  2.2
Dodging        | |  1.7
Stealth        | |  1.7

Action                   |  1- 3 |  4- 6 || total
-------------------------+-------+-------++-------
Melee: Club              |    15 |       ||    15
       Mace              |    24 |    58 ||    82
       Tailslap          |     1 |     2 ||     3
       Long sword        |       |     4 ||     4
 Cast: Magic Dart        |    26 |    20 ||    46
       Searing Ray       |     5 |    14 ||    19
       Dazzling Spray    |     3 |     6 ||     9
       Force Lance       |       |     3 ||     3
       Iskenderun's Myst |       |     1 ||     1
Evoke: Wand              |       |     2 ||     2
  Use: Scroll            |     2 |     3 ||     5
       Potion            |     1 |     3 ||     4
 Stab: Sleeping          |     4 |       ||     4
       Invisible         |       |     2 ||     2
       Paralysed         |       |     1 ||     1
  Eat: Chunk             |     3 |     8 ||    11
Armor: Skin              |    20 |    67 ||    87
Dodge: Dodged            |    25 |    75 ||   100
       Rpst.: Long sword |       |     5 ||     5
